[Event "Early-Titled-Tuesday-Blitz-April-16-2024"]
[Site "Chess.com"]
[Date "2024.04.16"]
[Round "7"]
[White "Msb2"]
[Black "Mops_2004"]
[Result "1-0"]
[WhiteElo "3020"]
[BlackElo "2796"]
[TimeControl "180+1"]
[EndTime "9:20:54 PDT"]
[Termination "Msb2 won by checkmate"]

1. d4 g6 2. c4 Bg7 3. e4 d6 4. Nc3 e5 5. Nf3 Bg4 6. dxe5 dxe5 7. Qxd8+ Kxd8 8. Bg5+ f6 9. Be3 Nd7 10. c5 Bh6 11.
Bxh6 Nxh6 12. Rd1 c6 13. Be2 Ke7 14. b4 a5 15. b5 Nxc5 16. bxc6 bxc6 17. O-O Ne6 18.
Rc1 Bxf3 19. Bxf3 Nd4 20. Ne2 Nxf3+ 21. gxf3 Rhc8 22. Rc5 Nf7 23. Rfc1 Kd6 24. R5c4 Ng5 25. Rd1+ Ke7 26. f4 Nh3+ 27. Kg2 Nxf4+ 28. Nxf4 exf4 29. Kf3 g5 30. Rc5 a4 31. e5 Rd8 32. exf6+ Kxf6 33. Rxc6+ Kf5 34. Rc5+ Kg6 35. Rg1 h6 36. h4 Rac8 37. Ra5 Rc3+ 38. Ke4 Re8+ 39. Kd4 Rc2 40. hxg5 h5 41.
Ra6+ Kf5 42. Rf6# 1-0

[Event "Early-Titled-Tuesday-Blitz-April-16-2024"]
[Site "Chess.com"]
[Date "2024.04.16"]
[Round "7"]
[White "Iunusovnuriddin"]
[Black "RantomOpening"]
[Result "0-1"]
[WhiteElo "2335"]
[BlackElo "2517"]
[TimeControl "180+1"]
[EndTime "9:20:56 PDT"]
[Termination "RantomOpening won by resignation"]

1. e4 g6 2. d4 Bg7 3. Nc3 d6 4. Bc4 Nf6 5. Nge2 O-O 6. f3 a6 7.
Be3 b5 8. Bb3 Bb7 9. Qd2 Nbd7 10. h4 Qc8 11. h5 c5 12. hxg6 c4 13. Bh6 fxg6 14. Bxg7 Kxg7 15. Qh6+ Kf7 16. g4 Rh8 17. g5 Nh5 18. Rxh5 gxh5 19. Qxh5+ Kf8 20. Nf4 Nb6 21.
d5 Qe8 22. Qh6+ Kg8 23. O-O-O Qf7 24. Rh1 Qxf4+ 25. Kb1 Qf7 26. Ne2 cxb3 27. Nd4 bxc2+ 28. Kc1 Qf4+ 29. Kxc2 Rc8+ 30. Kb1 Qf7 31. Nf5 Bxd5 32. g6 Bxa2+ 33. Ka1 Qf6 34. gxh7+ Kf7 35. Qh5+ Ke6 36.
Nd4+ Kd7 37. Qg4+ Be6 0-1

[Event "Early-Titled-Tuesday-Blitz-April-16-2024"]
[Site "Chess.com"]
[Date "2024.04.16"]
[Round "7"]
[White "LuisFSiles"]
[Black "osielchesslover2011"]
[Result "1-0"]
[WhiteElo "2365"]
[BlackElo "2093"]
[TimeControl "180+1"]
[EndTime "9:20:56 PDT"]
[Termination "LuisFSiles won by resignation"]

1. e4 c5 2. Nf3 d6 3. Bb5+ Nd7 4. O-O a6 5. Bd3 Ngf6 6. Re1 e6 7. c3 Be7 8. Bc2 Qc7 9. d4 cxd4 10. cxd4 b5 11. Nc3 Bb7 12. a3 Rc8 13. Bf4 Nb6 14. Bb3 Qb8 15. e5 dxe5 16. Nxe5 Qa8 17. Nxf7 Kxf7 18. Bxe6+ Kf8 19. Bg5 Rd8 20. Bxf6 Bxf6 21. Qh5 Rd7 22. Qc5+ Re7 23. Qxb6 Bxg2 24. d5 Bf3 25. Re3 Bh5 26.
Rae1 Be8 27. d6 Rb7 28. Qc5 Bd7 29. Nd5 Bxe6 30. Rxe6 Kf7 31. Nxf6 gxf6 32. Qh5+ Kg7 33. R1e3 Rg8 34. Re7+ Rxe7 35. Rxe7+ Kh8+ 36. Kf1 Rg7 37.
Re8+ Rg8 38. Rxa8 Rxa8 39. d7 1-0

[Event "Early-Titled-Tuesday-Blitz-April-16-2024"]
[Site "Chess.com"]
[Date "2024.04.16"]
[Round "7"]
[White "cthulhuuu"]
[Black "YegoryoCh"]
[Result "0-1"]
[WhiteElo "2426"]
[BlackElo "2573"]
[TimeControl "180+1"]
[EndTime "9:20:57 PDT"]
[Termination "YegoryoCh won on time"]

1. e4 e5 2. Nf3 Nc6 3. Bb5 a6 4. Bxc6 dxc6 5. O-O Bg4 6. h3 h5 7. d3 Qf6 8. Nbd2 Ne7 9. Re1 Bxf3 10. Nxf3 Ng6 11. d4 Bd6 12. c3 Qe6 13. dxe5 Nxe5 14. Nxe5 Qxe5 15. f4 Qb5 16. Qb3 O-O 17. e5 Bc5+ 18.
Be3 Bxe3+ 19. Rxe3 Rfd8 20. Qxb5 axb5 21. Re2 g6 22. a3 h4 23. Rae1 Ra4 24. e6 f6 25.
Rd2 Rxd2 26. e7 Ra8 27. e8=Q+ Rxe8 28. Rxe8+ Kf7 29. Rc8 Rxb2 30. Rxc7+ Ke6 31. Rxb7 Rb3 32. Ra7 Rxc3 33. a4 bxa4 34. Rxa4 Rc2 35. f5+ Kxf5 36. Rxh4 c5 37. Rh8 c4 38. Rc8 Kf4 39. Rc6 Kg3 40. Kf1 Rf2+ 41. Ke1 Rf4 0-1

[Event "Early-Titled-Tuesday-Blitz-April-16-2024"]
[Site "Chess.com"]
[Date "2024.04.16"]
[Round "7"]
[White "RamyresCoelho"]
[Black "DonJuanEGenaro"]
[Result "1-0"]
[WhiteElo "2300"]
[BlackElo "2000"]
[TimeControl "180+1"]
[EndTime "9:20:57 PDT"]
[Termination "RamyresCoelho won on time"]

1. e4 c5 2. Nf3 Nc6 3. d4 cxd4 4. c3 e5 5. Bc4 Qc7 6. O-O Nf6 7.
cxd4 Nxe4 8. Re1 Nd6 9. Nxe5 Be7 10. Nxc6 dxc6 11. Bb3 O-O 12. Nc3 Bf5 13. Bf4 Qd7 14. Be5 Rae8 15. Qf3 Bg6 16. Rad1 Nf5 17. Ne4 Bb4 18. Re2 Rd8 19. Ng5 Rfe8 20. g4 Nh4 21. Qg3 h6 22. Qxh4 hxg5 23. Qxg5 Be7 24. Qxg6 Bf8 25.
Qh5 Rxe5 26. dxe5 Qxd1+ 27. Bxd1 Rxd1+ 28. Kg2 Rd5 29. Re3 g6 30. Qh4 Bc5 31. Rg3 Rd2 32. Rf3 Rxb2 33. Qf6 1-0

[Event "Early-Titled-Tuesday-Blitz-April-16-2024"]
[Site "Chess.com"]
[Date "2024.04.16"]
[Round "7"]
[White "GlavkonVVS"]
[Black "FREZZY23"]
[Result "1-0"]
[WhiteElo "2585"]
[BlackElo "2433"]
[TimeControl "180+1"]
[EndTime "9:20:58 PDT"]
[Termination "GlavkonVVS won by resignation"]

1. c4 Nf6 2. Nc3 g6 3. Nf3 Bg7 4. d4 O-O 5. Bg5 d6 6. e3 c5 7. Be2 Nc6 8. d5 Na5 9. Nd2 a6 10. a4 Rb8 11. O-O Qc7 12. h4 e6 13. e4 exd5 14. exd5 Bf5 15. g4 Bd7 16. h5 Rfe8 17.
h6 Bh8 18. Bf3 Qc8 19. Bxf6 Bxf6 20. Nce4 Be5 21. b3 b5 22. axb5 Nb7 23. Rxa6 Qd8 24.
g5 Bf5 25. Bg4 Qd7 26. Bxf5 Qxf5 27. Qf3 Bf4 28. Kg2 Re5 29. Rfa1 Rbe8 30. Ra8 Nd8 31. Kf1 f6 32. Nxf6+ Kf7 33. Nxe8 Kxe8 34. Rd1 Re7 35. b6 Kd7 36. Ra7+ Ke8 37. Rxe7+ Kxe7 38. Qe4+ Qxe4 39. Nxe4 Kd7 40. Ra1 Nb7 41. Ra7 Kc8 42. Ra8+ Kd7 43. Rh8 1-0

[Event "Early-Titled-Tuesday-Blitz-April-16-2024"]
[Site "Chess.com"]
[Date "2024.04.16"]
[Round "7"]
[White "Hikaru"]
[Black "OparinGrigoriy"]
[Result "1/2-1/2"]
[WhiteElo "3261"]
[BlackElo "2996"]
[TimeControl "180+1"]
[EndTime "9:21:00 PDT"]
[Termination "Game drawn by repetition"]

1. d4 Nf6 2. Bg5 d5 3. e3 c5 4. Bxf6 gxf6 5. dxc5 e6 6. a3 Bxc5 7. Nf3 Nc6 8. Nbd2 O-O 9. g3 f5 10. Bg2 Be7 11. O-O Bf6 12. c3 Bd7 13. Nd4 Rc8 14.
f4 Qb6 15. Ra2 Nxd4 16. exd4 Bb5 17. Rf2 Bd3 18. Bf1 Be4 19. Nb3 Qd8 20. Nc5 b6 21. Nd3 Kh8 22. Be2 Rg8 23. Kf1 Qe7 24. Ne5 Rc7 25. Ra1 Rb8 26. a4 Bg7 27. Kg1 f6 28.
Nd3 Bf8 29. Bf1 Qg7 30. Ne1 Bd6 31. Ng2 Rg8 32. Nh4 Qh6 33. Bg2 Rcg7 34. Qd2 Rg4 35.
Raf1 Rxh4 36. gxh4 Bxf4 37. Rxf4 Rxg2+ 38. Qxg2 Bxg2 39. Kxg2 Qg7+ 40. Kf3 Qd7 41. Re1 Kg7 42. a5 bxa5 43. Kf2 Kf7 44. Rf3 Qb5 45. Re2 h5 46. Rfe3 Qb6 47.
Kf3 a4 48. Kg3 Qc7+ 49. Kf3 Qd6 50. Rxe6 Qxe6 51. Rxe6 Kxe6 52. Kf4 a6 53. Ke3 Kd6 54. Kf4 Ke6 55. Kf3 Kd6 56. Kf4 Ke6 1/2-1/2

[Event "Early-Titled-Tuesday-Blitz-April-16-2024"]
[Site "Chess.com"]
[Date "2024.04.16"]
[Round "7"]
[White "RTFrancisco"]
[Black "dvglko"]
[Result "0-1"]
[WhiteElo "2620"]
[BlackElo "2496"]
[TimeControl "180+1"]
[EndTime "9:21:00 PDT"]
[Termination "dvglko won by resignation"]

1. e4 c5 2. Nf3 d6 3. d4 cxd4 4. Nxd4 Nf6 5. Nc3 a6 6. Bg5 e6 7. f4 Be7 8. Qf3 Qc7 9. O-O-O Nbd7 10. g4 h6 11. Bxf6 Bxf6 12. h4 Nb6 13. g5 Bxd4 14.
Rxd4 Qc5 15. Qd3 hxg5 16. fxg5 Rxh4 17. Rxh4 Qxg5+ 18. Qd2 Qxh4 19. Rxd6 Nd7 20. Rd3 Qf6 21. Be2 Ne5 22. Rh3 g6 23. Na4 Bd7 24. Nb6 Rd8 25.
Qc3 Qg5+ 26. Re3 Bc6 27. b3 Nd7 28. Nc4 Ke7 29. Kb2 Bb5 30. e5 Bxc4 31. Bxc4 Kf8 32. Qb4+ Kg7 33. Qxb7 Qxe3 34. Qc7 Qxe5+ 35. Qxe5+ Nxe5 0-1

[Event "Early-Titled-Tuesday-Blitz-April-16-2024"]
[Site "Chess.com"]
[Date "2024.04.16"]
[Round "7"]
[White "Fjal"]
[Black "jbking07"]
[Result "1-0"]
[WhiteElo "2323"]
[BlackElo "2414"]
[TimeControl "180+1"]
[EndTime "9:21:00 PDT"]
[Termination "Fjal won by resignation"]

1. Nf3 d5 2. g3 g6 3. Bg2 Bg7 4. O-O e5 5. d4 e4 6. Ne1 Ne7 7.
c4 c6 8. Nc3 O-O 9. Nc2 f5 10.
b4 dxc4 11. a4 Be6 12. b5 Nd5 13. Bb2 Nxc3 14. Bxc3 Bd5 15. bxc6 Nxc6 16. Ne3 Qd7 17. a5 Rad8 18. Rb1 Rfe8 19. Qc2 Re7 20. Rfd1 g5 21.
Qa4 Qe6 22. Rb5 a6 23. Rb6 f4 24. Nxd5 Qxd5 25. e3 f3 26. Bh3 h5 27. Bf1 h4 28. Bxc4 hxg3 29. hxg3 Kf8 30. Bxd5 Rxd5 31. Qc4 Red7 32. Bb4+ Nxb4 33. Qxb4+ Kf7 34. Rc1 Bf8 35. Qb3 Be7 36. Rxb7 Ke6 37. Rc6+ Bd6 38. Rxd7 1-0

[Event "Early-Titled-Tuesday-Blitz-April-16-2024"]
[Site "Chess.com"]
[Date "2024.04.16"]
[Round "7"]
[White "TenisMaster"]
[Black "ansko1999"]
[Result "1-0"]
[WhiteElo "2921"]
[BlackElo "2640"]
[TimeControl "180+1"]
[EndTime "9:21:01 PDT"]
[Termination "TenisMaster won on time"]

1. e4 c5 2. Nf3 Nf6 3. e5 Nd5 4. Nc3 e6 5. Nxd5 exd5 6. d4 d6 7. Bf4 Nc6 8. exd6 Bxd6 9. Qd2 Bg4 10. Bxd6 Qxd6 11. dxc5 Qxc5 12. O-O-O O-O 13. Kb1 Rfe8 14. Bd3 Ne5 15. Nxe5 Bxd1 16. Nxf7 Kxf7 17. Rxd1 Kg8 18. h4 Re7 19. h5 Rae8 20. a3 d4 21. g4 Qd5 22. h6 g6 23. Qb4 Qe5 24. f3 Qf4 25. Be4 Qxh6 26. Qc4+ Kh8 27. Rxd4 Qg7 28. Qd3 a6 29.
Rd6 Qe5 30. Rd5 Qf6 31. g5 Qf4 32. Qd4+ Kg8 33. Rc5 Rf7 34. Qc3 Rxe4 35. fxe4 Qxe4 36. Rc8+ Rf8 37. Qb3+ Kg7 38. Rc7+ Kh8 39. Qc3+ 1-0

[Event "Early-Titled-Tuesday-Blitz-April-16-2024"]
[Site "Chess.com"]
[Date "2024.04.16"]
[Round "7"]
[White "Harry_Rakkel"]
[Black "santosalberto1987"]
[Result "1/2-1/2"]
[WhiteElo "2741"]
[BlackElo "2578"]
[TimeControl "180+1"]
[EndTime "9:21:01 PDT"]
[Termination "Game drawn by repetition"]

1. e4 e6 2. d4 d5 3. Nc3 Nf6 4. e5 Nfd7 5. Nce2 c5 6. c3 Nc6 7. Nf3 cxd4 8. cxd4 f6 9. Nf4 Ndxe5 10. Nxe5 fxe5 11.
Qh5+ Kd7 12. dxe5 Qe8 13. Qxe8+ Kxe8 14. Nd3 Nb4 15. Nxb4 Bxb4+ 16. Bd2 Bxd2+ 17. Kxd2 Bd7 18. Rc1 Bc6 19. Bd3 Ke7 20. Rc5 g5 21. b4 a6 22.
a4 h6 23. b5 axb5 24. axb5 Bd7 25. Rhc1 b6 26. Rc7 Rhc8 27. Ke3 Kd8 28. Rxc8+ Rxc8 29. Rxc8+ Bxc8 30. f4 gxf4+ 31. Kxf4 Ke7 32. g4 Kf7 33. g5 Kg7 34. h4 Bd7 35. h5 Be8 36. g6 Bd7 37. Ke3 Be8 38. Kd4 Bd7 39. Be2 Be8 40.
Bg4 Bd7 41. Bh3 Kg8 42. Bf1 Kg7 43. Bd3 Be8 44. Be2 Bd7 45. Bd3 Be8 46. Be2 Bd7 47. Bd3 1/2-1/2

[Event "Early-Titled-Tuesday-Blitz-April-16-2024"]
[Site "Chess.com"]
[Date "2024.04.16"]
[Round "7"]
[White "Nutflush"]
[Black "HanSchut"]
[Result "0-1"]
[WhiteElo "2124"]
[BlackElo "2302"]
[TimeControl "180+1"]
[EndTime "9:21:01 PDT"]
[Termination "HanSchut won on time"]

1. e4 c5 2. c3 g6 3. d4 cxd4 4. cxd4 d5 5. Nc3 dxe4 6. Bc4 Bg7 7. Qb3 e6 8. d5 Ne7 9. dxe6 f5 10. Bf4 Nbc6 11. Nge2 Qb6 12. Nb5 Na5 13. Nc7+ Qxc7 14. Qa4+ Qc6 15. Bb5 Qxb5 16. Qxb5+ Nac6 17. O-O Bxe6 18. Nc3 O-O 19. Rfd1 Rad8 20. Bd6 Rd7 21. Bc5 Rfd8 22.
Bxe7 Nxe7 23. Rxd7 Rxd7 24. Rd1 Rxd1+ 25. Nxd1 Kf7 26.
Qxb7 Bxa2 27. Qxa7 Bb3 28. Nc3 Be6 29. Qc5 g5 30. b4 Bxc3 31. Qxc3 Nd5 32. Qc5 f4 33. b5 e3 34. b6 e2 0-1

[Event "Early-Titled-Tuesday-Blitz-April-16-2024"]
[Site "Chess.com"]
[Date "2024.04.16"]
[Round "7"]
[White "Flawless_Fighter"]
[Black "wonderfultime"]
[Result "0-1"]
[WhiteElo "2760"]
[BlackElo "2990"]
[TimeControl "180+1"]
[EndTime "9:21:02 PDT"]
[Termination "wonderfultime won on time"]

1. e4 c5 2. Nf3 Nf6 3. Nc3 d5 4. exd5 Nxd5 5. Bb5+ Bd7 6. Ne5 Nf6 7. Nxd7 Nbxd7 8. O-O a6 9. Be2 e6 10. Bf3 Qc7 11.
g3 Bd6 12. d3 O-O 13. Bg5 Be5 14. Qe2 h6 15. Bd2 Rab8 16. Rae1 b5 17. Bg2 Rfd8 18.
Kh1 c4 19. dxc4 Qxc4 20. Qxc4 bxc4 21. Bc1 Bxc3 22. bxc3 Nc5 23. Be3 Na4 24. Bd4 Rb2 25. Bc6 Rxd4 26. cxd4 Nc3 27. a4 a5 28. Kg2 Nfd5 29. Bxd5 Nxd5 30. Rb1 Rxc2 31. Rfc1 Ra2 32.
Ra1 Rd2 33. h4 c3 34. Kf3 Rxd4 35. Rc2 g5 36. hxg5 hxg5 37. Ra3 Kg7 38. Ke2 g4 39.
Ra1 Kg6 40. Ra3 Kf5 41. Ra1 e5 42. Rd1 Ke4 43. Rh1 f5 44. Rh8 f4 45. gxf4 exf4 46. Re8+ Kf5 47. Rc8 Rxa4 48. Rc5 Ke4 49. Rc8 f3+ 50. Kd1 Kd3 51. Rd8 Rd4 52. Kc1 Nb4 0-1

[Event "Early-Titled-Tuesday-Blitz-April-16-2024"]
[Site "Chess.com"]
[Date "2024.04.16"]
[Round "7"]
[White "VD_coach"]
[Black "chess_blitz00"]
[Result "1-0"]
[WhiteElo "2643"]
[BlackElo "2513"]
[TimeControl "180+1"]
[EndTime "9:21:02 PDT"]
[Termination "VD_coach won by checkmate"]

1. d4 d6 2. Nf3 Bf5 3. g3 Nc6 4. Bg2 e5 5. O-O Be7 6. d5 Nb8 7. c4 a5 8. Nc3 Na6 9. e4 Bg4 10. h3 Bxf3 11. Qxf3 Nf6 12. Be3 Nd7 13. b3 O-O 14. h4 Ndc5 15. Bh3 Nb4 16. Qe2 g6 17. a3 Nba6 18. Rab1 a4 19. b4 Nb3 20. Qd3 Nd4 21.
Bxd4 exd4 22. Qxd4 Bf6 23. Qd3 Nb8 24. Qc2 Nd7 25.
Nxa4 Ne5 26. f4 Nd7 27. Rf3 Bd4+ 28. Kg2 Nb6 29. Nxb6 cxb6 30. Rd1 Bg7 31. Rdf1 Qc7 32. e5 dxe5 33. f5 Rad8 34. fxg6 fxg6 35. Be6+ Kh8 36. Rxf8+ Rxf8 37. Rxf8+ Bxf8 38. Qf2 Kg7 39. g4 e4 40. Qd4+ Kh6 41. g5+ Kh5 42. Kh3 Qf4 43. Qd1+ Qf3+ 44. Qxf3+ exf3 45. Bg4# 1-0

[Event "Early-Titled-Tuesday-Blitz-April-16-2024"]
[Site "Chess.com"]
[Date "2024.04.16"]
[Round "7"]
[White "Denisenko_Denis"]
[Black "Alexei_Gubajdullin"]
[Result "1-0"]
[WhiteElo "2447"]
[BlackElo "2609"]
[TimeControl "180+1"]
[EndTime "9:21:02 PDT"]
[Termination "Denisenko_Denis won by resignation"]

1. d4 Nf6 2. Bf4 g6 3. e3 Bg7 4. Be2 O-O 5. h3 d6 6. Nf3 Nc6 7. O-O e5 8. dxe5 Ne4 9. Nbd2 dxe5 10. Bh2 Nxd2 11. Qxd2 e4 12. Qxd8 Nxd8 13. Ne5 Nc6 14. Nxc6 bxc6 15. c3 Rb8 16. Rab1 Be6 17. Bxc7 Rb7 18.
Bd6 Rd8 19. Ba3 Bxa2 20. Rbd1 Rbd7 21. Rxd7 Rxd7 22. Rd1 Rd5 23. Rxd5 cxd5 24. Bc5 a5 25. Bd1 f5 26. Bb6 Kf7 27. Bxa5 Ke6 28. Kf1 Be5 29. g3 g5 30. Bb6 f4 31. gxf4 gxf4 32. Bd4 Bd6 33.
Bg4+ Ke7 34. Ke1 f3 35. Kd2 Bc4 36. b4 h6 37. Bg7 Kf7 38. Bxh6 Bg3 39. fxg3 f2 40.
Be2 Bd3 41. Bf4 f1=Q 42. Bxf1 Bxf1 43. h4 Kg6 44. g4 Bh3 45. g5 Bg4 46. b5 Bd7 47. b6 Bc6 48. Kc2 Kh5 49. Kb3 Kg6 50. Kb4 Bb7 51. Kc5 Kh5 52. Kd6 d4 53. cxd4 Kxh4 54. g6 1-0

[Event "Early-Titled-Tuesday-Blitz-April-16-2024"]
[Site "Chess.com"]
[Date "2024.04.16"]
[Round "7"]
[White "AlexanderKing"]
[Black "bubeliang"]
[Result "0-1"]
[WhiteElo "2578"]
[BlackElo "2772"]
[TimeControl "180+1"]
[EndTime "9:21:03 PDT"]
[Termination "bubeliang won by checkmate"]

1. c4 e6 2. g3 Nf6 3. Bg2 d5 4. Nf3 dxc4 5. Qa4+ Nbd7 6. Qxc4 a6 7. Qc2 Bd6 8. O-O O-O 9. Nc3 Rb8 10. Rd1 b5 11.
Nd4 Bb7 12. Nc6 Bxc6 13. Bxc6 Nb6 14. Ne4 Nxe4 15. Bxe4 h6 16. d4 Nd5 17. Bxd5 exd5 18. Qc6 Re8 19. Be3 Bf8 20. Rac1 Rc8 21. Qxa6 b4 22.
Qd3 Ra8 23. Qb3 Qd7 24. Rc2 Ra7 25. Rdc1 Rea8 26. Kg2 Rxa2 27. Rxc7 Qf5 28. Rb7 Ra1 29. Rxa1 Rxa1 30. Rb8 Qe4+ 31. f3 Qb1 32. Kh3 Qf1+ 33.
Kg4 h5+ 34. Kf4 Ra6 35. Qxb4 Rf6+ 36. Ke5 Qxe2 37. Qxf8+ Kh7 38. Qh8+ Kg6 39. Rb3 Qxf3 40. Rd3 Qe4# 0-1

[Event "Early-Titled-Tuesday-Blitz-April-16-2024"]
[Site "Chess.com"]
[Date "2024.04.16"]
[Round "7"]
[White "Pelusiansky"]
[Black "Martial2008"]
[Result "0-1"]
[WhiteElo "2541"]
[BlackElo "2666"]
[TimeControl "180+1"]
[EndTime "9:21:03 PDT"]
[Termination "Martial2008 won on time"]

1. d4 Nf6 2. c4 e6 3. Nf3 c5 4. e3 cxd4 5. Nxd4 Nc6 6. Nc3 Bb4 7. Nb5 O-O 8. a3 Bxc3+ 9. Nxc3 d5 10.
cxd5 exd5 11. Bb5 d4 12. Bxc6 dxc3 13. Qxd8 Rxd8 14. Bf3 Bg4 15. bxc3 Rac8 16. Bxg4 Nxg4 17. O-O Rxc3 18. Bb2 Rc2 19. Bd4 b6 20. a4 Nh6 21.
a5 Nf5 22. axb6 Nxd4 23. exd4 axb6 24. Ra6 g6 25. Rxb6 Rxd4 26. Rf6 Kg7 27. Rf3 h5 28. g3 g5 29. h3 f6 30. Re1 Rc6 31.
Re7+ Kg6 32. Re1 Rcd6 33. Rfe3 h4 34. g4 Rd1 35. Rxd1 Rxd1+ 36. Kg2 Kf7 37. Rf3 Rd5 38. Re3 Ra5 39. Rf3 Ke6 40. Re3+ Re5 41. Rf3 Re2 42. Re3+ Rxe3 43. fxe3 Kd5 44. Kf3 Ke5 45. Kf2 Kd6 46. Ke2 Kd5 47. Kf2 Kc4 48. Kf3 Kd3 49. Kf2 Kd2 50. Kf3 Ke1 51. Ke4 Kf2 52.
Kf5 Kg3 53. Kxf6 Kxh3 54. Kxg5 Kg3 55. e4 h3 56. e5 h2 57. e6 h1=Q 58. e7 Qc6 0-1

[Event "Early-Titled-Tuesday-Blitz-April-16-2024"]
[Site "Chess.com"]
[Date "2024.04.16"]
[Round "7"]
[White "Vahe_Danielyan"]
[Black "TheoSlade"]
[Result "1-0"]
[WhiteElo "2613"]
[BlackElo "2385"]
[TimeControl "180+1"]
[EndTime "9:21:03 PDT"]
[Termination "Vahe_Danielyan won by resignation"]

1. d4 d5 2. c4 e6 3. Nc3 a6 4. cxd5 exd5 5. Bf4 Nf6 6. Qc2 Bd6 7. Bg3 O-O 8. e3 Nbd7 9. Nf3 Re8 10. Bd3 Nf8 11. Ne5 Ne6 12. O-O g6 13. Bh4 Ng7 14.
Nxd5 Bxe5 15. dxe5 Qxd5 16. Bxf6 c6 17. Bc4 Qd7 18.
Rfd1 Qc7 19. Rd2 Nh5 20. Rad1 Nxf6 21. exf6 Bf5 22. Qb3 b5 23. Be2 Qe5 24. Rd6 Be6 25. Qc3 Qxc3 26. bxc3 Bxa2 27. Rxc6 Re6 28. Rxe6 Bxe6 29.
Bf3 Rb8 30. Rd6 a5 31. Ra6 a4 32. Bc6 h6 33. f3 Bc4 34. Ra7 Rb6 35. Bd7 Rxf6 36. e4 Rd6 37. Kf2 Rd2+ 38. Kg3 Bf1 39. Be8 Rxg2+ 40. Kf4 Bc4 41. Ke5 Rf2 42. f4 Kf8 43.
Bc6 Rxh2 44. Kf6 Kg8 45. Ra8+ Kh7 46. Bd5 Bxd5 47. exd5 Rd2 48. Ke5 Rd3 49. d6 Rxc3 50.
d7 Rd3 51. d8=Q Rxd8 52. Rxd8 h5 53. Rb8 a3 54. Rxb5 h4 55. Ra5 Kh6 56. Rxa3 Kh5 57. f5 g5 58. f6 g4 59. Kf4 g3 60. Ra2 Kg6 61. Kg4 Kxf6 62. Kxh4 1-0

[Event "Early-Titled-Tuesday-Blitz-April-16-2024"]
[Site "Chess.com"]
[Date "2024.04.16"]
[Round "7"]
[White "NusratAlo"]
[Black "bylavochka"]
[Result "0-1"]
[WhiteElo "1905"]
[BlackElo "2358"]
[TimeControl "180+1"]
[EndTime "9:21:03 PDT"]
[Termination "bylavochka won by checkmate"]

1. e4 c5 2. Nf3 d6 3. d4 cxd4 4.
Nxd4 Nf6 5. Nc3 g6 6. Be3 Bg7 7. f3 O-O 8. Qd2 Nc6 9. O-O-O Nxd4 10. Bxd4 Be6 11. Kb1 Qc7 12. g4 Rfc8 13. h4 Qa5 14. a3 Rab8 15. h5 b5 16. hxg6 hxg6 17. Qg5 a6 18.
Be2 Qc7 19. Rh3 b4 20. axb4 Rxb4 21. Kc1 Rcb8 22. Nb1 Rxd4 23. Rxd4 Qb6 24. Qd2 Qxb2+ 25. Kd1 Qxb1+ 26. Qc1 Qb6 27. Rd3 Nd7 28. f4 Bxg4 29.
Bxg4 Qg1+ 30. Kd2 Qxg4 31. Rdf3 Nc5 32. Qe1 Qg2+ 33. Kc1 Bb2+ 34. Kd1 Bc3 35. Qf1 Rb1# 0-1

[Event "Early-Titled-Tuesday-Blitz-April-16-2024"]
[Site "Chess.com"]
[Date "2024.04.16"]
[Round "7"]
[White "Karttunen"]
[Black "Koalaskakistis"]
[Result "1-0"]
[WhiteElo "2693"]
[BlackElo "2565"]
[TimeControl "180+1"]
[EndTime "9:21:06 PDT"]
[Termination "Karttunen won by resignation"]

1. d4 d5 2. c4 dxc4 3. e3 Nf6 4.
Bxc4 a6 5. Be2 c5 6. Nf3 e6 7. O-O Nc6 8. dxc5 Bxc5 9. Qxd8+ Kxd8 10. b3 Ke7 11. Nc3 b5 12. Bb2 Bb7 13. Rac1 Bd6 14.
Nd2 Ne5 15. h3 Rac8 16. f4 Ned7 17. g4 h6 18. Kf2 Bc5 19. Bf3 Bxf3 20. Kxf3 g5 21.
Nce4 Bb4 22. Nxf6 Nxf6 23. Bxf6+ Kxf6 24. Ne4+ Ke7 25. Rxc8 Rxc8 26. fxg5 hxg5 27. Nxg5 f5 28. gxf5 exf5 29. h4 Kf6 30. Rf2 Rc3 31. Nh3 Bc5 32. Re2 Ke5 33. Nf4 a5 34. h5 Bf8 35. Ng6+ Kf6 36.
Nxf8 a4 37. Ng6 axb3 38. axb3 Rxb3 39. Nf4 b4 40. h6 Rb1 41. Rh2 Rf1+ 42. Ke2 1-0

[Event "Early-Titled-Tuesday-Blitz-April-16-2024"]
[Site "Chess.com"]
[Date "2024.04.16"]
[Round "7"]
[White "Yan_Dyomin2010"]
[Black "lcmil"]
[Result "0-1"]
[WhiteElo "2623"]
[BlackElo "2517"]
[TimeControl "180+1"]
[EndTime "9:21:06 PDT"]
[Termination "lcmil won by resignation"]

1. e4 c5 2. c3 d5 3. exd5 Qxd5 4.
d4 Nc6 5. Nf3 Bf5 6. Be3 cxd4 7.
Nxd4 Nxd4 8. Bxd4 e5 9. Qe2 Bd6 10. Nd2 Nf6 11. Qb5+ Bd7 12. Qxd5 Nxd5 13. Be3 Nxe3 14.
fxe3 Bc6 15. Bc4 O-O 16. e4 b5 17. Bb3 a5 18. a3 b4 19. a4 Rac8 20. Ke2 bxc3 21. bxc3 g6 22. Rhc1 Kg7 23. Rab1 f5 24. Bc2 Bc5 25. Rf1 f4 26. Bd3 Rfd8 27. Bb5 Ba8 28.
Bd3 Be3 29. Nc4 Bxe4 30. Nxe5 Rxc3 31. Bxe4 Rd2+ 32. Ke1 Ra2 33. Bf3 Bd2+ 34. Kd1 Be3 35. Bg4 Rxa4 36. Rb6 Rd4+ 37. Ke2 Rd2+ 38. Kf3 Bxb6+ 0-1

[Event "Early-Titled-Tuesday-Blitz-April-16-2024"]
[Site "Chess.com"]
[Date "2024.04.16"]
[Round "7"]
[White "ljuks68"]
[Black "JaackCamel"]
[Result "1-0"]
[WhiteElo "2394"]
[BlackElo "2229"]
[TimeControl "180+1"]
[EndTime "9:21:06 PDT"]
[Termination "ljuks68 won by checkmate"]

1. e4 e6 2. d4 d5 3. Nc3 Bb4 4. e5 Ne7 5. h4 b6 6. h5 h6 7.
Qg4 Nf5 8. Bd3 Rg8 9. Nf3 c5 10.
a3 Ba5 11. Bxf5 exf5 12. Qf4 Be6 13. b4 cxb4 14. Nb5 b3+ 15. c3 Nc6 16. Bd2 Qd7 17. Nd6+ Kf8 18. O-O a6 19. a4 b2 20. Rab1 b5 21.
axb5 axb5 22. Rxb2 Bc7 23. Nxb5 Na5 24. Nxc7 Qxc7 25.
Rfb1 Nc4 26. Rb7 Qd8 27. Bc1 Rc8 28. Nd2 Rc7 29. Nxc4 Rxc4 30. Ba3+ Ke8 31. Re7+ Qxe7 32. Bxe7 Kxe7 33. Rb7+ Bd7 34. Qxf5 Rd8 35. Qf3 Ke6 36.
Qg4+ Ke7 37. Qxg7 Rxc3 38. Qf6+ Ke8 39. Qxh6 Be6 40. Qh8# 1-0

[Event "Early-Titled-Tuesday-Blitz-April-16-2024"]
[Site "Chess.com"]
[Date "2024.04.16"]
[Round "7"]
[White "LiemLe"]
[Black "Durarbayli"]
[Result "1-0"]
[WhiteElo "3048"]
[BlackElo "2873"]
[TimeControl "180+1"]
[EndTime "9:21:07 PDT"]
[Termination "LiemLe won by resignation"]

1. Nf3 d5 2. e3 Nf6 3. c4 c6 4. Nc3 Nbd7 5. Qc2 e5 6. cxd5 Nxd5 7. Be2 Be7 8. O-O O-O 9. d4 Nb4 10. Qb1 exd4 11. Nxd4 Bf6 12. Rd1 a5 13. a3 Na6 14.
Ne4 Be5 15. b4 Nc7 16. Bb2 axb4 17. axb4 Rxa1 18. Bxa1 Re8 19. Nf5 Nd5 20. Nfd6 Re6 21. Bg4 Qh4 22. h3 Rxd6 23. Nxd6 Bxd6 24. e4 N7f6 25. Bxf6 Qxf6 26. exd5 Bxg4 27. hxg4 cxd5 28. Rxd5 g6 29. g3 Bc7 30. Qe4 Bb6 31. Qf4 Qe7 32. Kg2 Bc7 33. Qf3 Qe6 34. b5 b6 35.
g5 Bd6 36. Rd3 Bc5 37. Qf6 Be7 38. Qxe6 fxe6 39. f4 Kf7 40. Rd7 1-0

[Event "Early-Titled-Tuesday-Blitz-April-16-2024"]
[Site "Chess.com"]
[Date "2024.04.16"]
[Round "7"]
[White "Agibileg"]
[Black "BilodeauA"]
[Result "1-0"]
[WhiteElo "2787"]
[BlackElo "2962"]
[TimeControl "180+1"]
[EndTime "9:21:07 PDT"]
[Termination "Agibileg won by resignation"]

1. d4 d5 2. c4 dxc4 3. e4 Nf6 4.
Nc3 e5 5. Nf3 exd4 6. Nxd4 Bc5 7. Be3 Ng4 8. Bxc4 Nxe3 9. fxe3 O-O 10. O-O Nc6 11. Nxc6 Qxd1 12. Raxd1 bxc6 13. Rd3 Bd6 14. e5 Be7 15. h3 Rb8 16. b3 g6 17. g4 Kg7 18.
Ne4 h5 19. gxh5 Bxh3 20. h6+ Kxh6 21. Rxf7 Rxf7 22. Bxf7 Bf5 23. Rd4 Kg7 24. e6 c5 25. Rd7 Bxe4 26. Rxe7 c6 27. Rxa7 Kf6 28. Kf2 Rh8 29. Kg3 g5 30. Ra4 Bf5 31. Rc4 Rh3+ 32. Kf2 g4 33. Rf4 Rh2+ 34. Kg3 Rh3+ 35. Kf2 Rh2+ 36. Kg1 Re2 37. Rxf5+ Kxf5 38. e7 Rxe3 39. e8=Q Rxe8 40. Bxe8 1-0